 Dungeon Crawl Stone Soup version 0.16.1-51-g6203257 (webtiles) character file.

345 Miyamura the Skirmisher (level 6, -1/49 HPs)
             Began as a Formicid Abyssal Knight on July 12, 2015.
             Was a Priest of Lugonu.
             Killed by a spatial distortion (4 damage)
             ... on level 4 of the Dungeon.
             The game lasted 00:11:35 (3338 turns).

Miyamura the Skirmisher (Formicid Abyssal Knight)   Turns: 3338, Time: 00:11:35

Health: -1/49      AC: 12    Str: 17    XL:     6   Next: 89%
Magic:  12/12      EV:  7    Int: 13    God:    Lugonu [***...]
Gold:   235        SH:  0    Dex: 10    Spells: 0 memorised, 5 levels left

rFire  + . .     SeeInvis +     a - +2 hand axe
rCold  . . .     Clarity  .     m - +0 chain mail
rNeg   . . .     SustAb   .     (no shield)
rPois  +         Gourm    .     (helmet unavailable)
rElec  .         Spirit   .     i - +1 cloak {+Inv}
rCorr  .         Warding  .     b - +0 pair of gloves
rMut   .         Stasis   +     (no boots)
MR     .....                    (no amulet)
Stlth  ..........               n - ring of poison resistance
                                h - ring of protection from fire

@: lethally poisoned (-1 -> -6), not resistant to hostile enchantments,
extremely unstealthy
A: permanent stasis, dig shafts and tunnels, four strong arms, antennae 3
a: Dig, Shaft Self, Depart the Abyss, Bend Space, Banish, Renounce Religion,
Evoke Invisibility


You were on level 4 of the Dungeon.
You worshipped Lugonu.
Lugonu was most pleased with you.
You were hungry.

You visited 1 branch of the dungeon, and saw 4 of its levels.
You visited the Abyss 1 time.

You collected 235 gold pieces.

Inventory:

Hand weapons
 a - a +2 hand axe (weapon)
Armour
 b - a +0 pair of gloves (worn)
 i - a +1 cloak of invisibility (worn)
 m - a +0 chain mail (worn)
Jewellery
 h - a ring of protection from fire (left hand)
 n - a ring of poison resistance (right hand)
Magical devices
 d - a wand of slowing (23)
Scrolls
 l - 3 scrolls of remove curse
 s - a scroll of amnesia
Potions
 e - a potion of haste
 g - a potion of restore abilities {unknown}
 j - a potion of lignification {unknown}
 k - 2 potions of agility
 p - a potion of cancellation {unknown}
 q - 2 potions of might {unknown}
 r - a potion of heal wounds {unknown}
Comestibles
 c - 4 bread rations
 f - a slice of pizza
 o - a meat ration


   Skills:
 + Level 4.7 Fighting
 + Level 3.6 Axes
 + Level 3.6 Armour
 + Level 2.5 Dodging
 + Level 3.8 Invocations


You had 5 spell levels left.
You didn't know any spells.

Dungeon Overview and Level Annotations

Branches:
Dungeon (4/15)
 Temple: D:4-7

Altars:
Cheibriados
Dithmenos


Innate Abilities, Weirdness & Mutations

You are under a permanent stasis effect.
You can dig through walls and to a lower floor.
Your four strong arms can wield two-handed weapons with a shield.
You have a pair of large antennae on your head (SInv).


Message History

You feel sick. The worker ant closely misses you.
Your chain mail prevents you from hitting the worker ant.
The worker ant is almost dead.
You feel sick.
The worker ant bites you but does no damage.
You hit the worker ant but do no damage.
The worker ant is almost dead.
The worker ant bites you.
* * * LOW HITPOINT WARNING * * *
The worker ant bites you.
* * * LOW HITPOINT WARNING * * *
Drink which item? (? for menu, Esc to quit)
Okay, then.
Read which item? (? for menu, Esc to quit)
Okay, then.
Use which ability? (? or * to list)
Okay, then.
Use which ability? (? or * to list) Space bends sharply around you!
The worker ant blinks!
You blink.
You die...

#''#####..#...#+##
♣..♣ ##+#...# #
♣..♣ ....+ ♣.§♣
#....#+## ♣.§♣
###+##.#( ♣..♣
#....#. ♣..♣
#....#. ♣..♣
#....'. #@.#
##.###.
......?%##.......
+..#### ####
......?##......
+...... ...##
♣♣♣♣♣♣#..# ♣♣♣♣
##.#### ##⌠.# ♣..♣
#.###( .##.# ♣..♣
+...'. ⌠.#.# ♣..♣
###...#. ..#.#+..
♣..♣ ##.#...#.
⌠)#.##...## ♣..♣
#..#+###.


There were no monsters in sight!

Vanquished Creatures
  The ghost of raikaria the Sneak, an average FoEE (D:3)
  Crazy Yiuf (D:2)
  A worker ant (D:4)
  Jessica (D:2)
  Terence (D:3)
  4 adders
  A giant mite (D:1)
  3 worms (D:2)
  3 giant geckos (D:2)
  2 oozes
  5 orcs
  A ball python (D:3)
  A bat skeleton (D:4)
  6 hobgoblins
  7 jackals
  A quokka (D:2)
  3 bats
  4 giant cockroaches
  A giant newt (D:1)
  9 goblins
  9 kobolds
  13 rats
78 creatures vanquished.

Notes
Turn   | Place    | Note
--------------------------------------------------------------
     0 | Abyss:1  | Miyamura, the Formicid Abyssal Knight, began the quest for the Orb.
     0 | Abyss:1  | Reached XP level 1. HP: 18/18 MP: 1/1
    52 | Abyss:1  | Noticed a large abomination
    64 | Abyss:1  | Noticed a giant orange brain
    65 | D:1      | Escaped the Abyss
   397 | D:1      | Reached skill level 1 in Dodging
   398 | D:1      | Acquired Lugonu's first power
   465 | D:1      | Reached XP level 2. HP: 24/24 MP: 3/3
  1080 | D:1      | Reached XP level 3. HP: 20/29 MP: 5/5
  1226 | D:2      | Found a snail-covered altar of Cheibriados.
  1294 | D:2      | Acquired Lugonu's second power
  1334 | D:2      | Reached XP level 4. HP: 30/37 MP: 6/6
  1425 | D:2      | Noticed Jessica
  1439 | D:2      | Killed Jessica
  1539 | D:2      | Reached skill level 4 in Fighting
  1688 | D:2      | Reached XP level 5. HP: 37/42 MP: 10/10
  2037 | D:2      | Noticed Crazy Yiuf
  2045 | D:2      | Killed Crazy Yiuf
  2290 | D:3      | Noticed Terence
  2297 | D:3      | Killed Terence
  2516 | D:3      | Acquired Lugonu's third power
  2627 | D:3      | Reached XP level 6. HP: 47/49 MP: 12/12
  2636 | D:3      | Noticed raikaria's ghost (average FoEE)
  2677 | D:3      | Killed raikaria's ghost
  2742 | D:3      | Found a shadowy altar of Dithmenos.
  3338 | D:4      | Killed by a spatial distortion

Action                   |  1- 3 |  4- 6 || total
-------------------------+-------+-------++-------
Melee: Hand axe          |   101 |   247 ||   348
Invok: Depart the Abyss  |     1 |       ||     1
       Banish            |       |     1 ||     1
  Use: Scroll            |     8 |     4 ||    12
  Eat: Chunk             |     2 |     6 ||     8
